[Event "Early-Titled-Tuesday-Blitz-November-28-2023"]
[Site "Chess.com"]
[Date "2023.11.28"]
[Round "8"]
[White "jk13"]
[Black "Kovalyov_Eduard"]
[Result "1-0"]
[WhiteElo "2625"]
[BlackElo "2466"]
[TimeControl "180+1"]
[EndTime "9:35:11 PST"]
[Termination "jk13 won by checkmate"]

1. e4 e5 2. Nf3 Nc6 3. Bc4 Bc5 4. d3 Nf6 5. c3 d6 6. Bb3 a5 7. O-O h6 8. h3 O-O 9. Re1 Re8 10. Nbd2 Be6 11. Bc2 d5 12. Nh2 d4 13.
Qf3 b5 14. Ndf1 dxc3 15. bxc3 b4 16. Ba4 Bd7 17. Bxc6 Bxc6 18. Bb2 Qd6 19. Ng3 bxc3 20. Bxc3 g6 21. Rac1 Bb5 22. Bd2 Kg7 23. Be3 Bb6 24.
Red1 Rad8 25. Ng4 Nxg4 26. Qxg4 Bd7 27. Qf3 Be6 28. Rd2 Qa3 29. Rcd1 Bd4 30. h4 Bc3 31. Rc2 Bxa2 32. Rdc1 Rxd3 33. Bxh6+ Kxh6 34. Qxd3 Bb2 35. Qd2+ Kg7 36. Rxb2 Be6 37. Rxc7 a4 38. Rbb7 Bb3 39.
Ra7 Qa1+ 40. Kh2 Rb8 41. h5 Rh8 42. Qg5 Qd4 43. Qxg6+ Kf8 44. Rxf7+ Bxf7 45. Qxf7# 1-0

[Event "Early-Titled-Tuesday-Blitz-November-28-2023"]
[Site "Chess.com"]
[Date "2023.11.28"]
[Round "8"]
[White "Leonid_Starozhilov"]
[Black "Nitzan_Steinberg"]
[Result "1-0"]
[WhiteElo "2754"]
[BlackElo "2885"]
[TimeControl "180+1"]
[EndTime "9:35:12 PST"]
[Termination "Leonid_Starozhilov won by resignation"]

1. e4 c5 2. Nf3 e6 3. d4 cxd4 4. Nxd4 Nc6 5. Nxc6 bxc6 6. Bd3 Nf6 7. O-O d5 8. Nd2 Be7 9. b3 a5 10. a4 O-O 11. Qe2 Bb7 12. Bb2 c5 13. Rad1 Qb6 14. Qf3 Rac8 15. exd5 exd5 16. Rfe1 Rfe8 17. Bb5 d4 18.
Qh3 Nd5 19. Bxe8 Rxe8 20. Nc4 Qd8 21. Bc1 h6 22. Bd2 Bg5 23. Bxg5 Rxe1+ 24. Rxe1 Qxg5 25.
Qg3 Qf5 26. Qb8+ Bc8 27. Re8+ Kh7 28. Qxc8 Qxc2 29. Rh8+ Kg6 30. Qg4+ Kf6 31. Qf3+ Ke7 32. h4 Nc3 33. Rc8 Qd1+ 34. Qxd1 Nxd1 35. Rxc5 Nc3 36.
Rc7+ Kd8 37. Ra7 d3 38. Rxf7 Ne4 39. Kf1 Nd6 40. Nxd6 d2 41. Ke2 1-0

[Event "Early-Titled-Tuesday-Blitz-November-28-2023"]
[Site "Chess.com"]
[Date "2023.11.28"]
[Round "8"]
[White "talaicito"]
[Black "verrbaa"]
[Result "0-1"]
[WhiteElo "2231"]
[BlackElo "2477"]
[TimeControl "180+1"]
[EndTime "9:35:12 PST"]
[Termination "verrbaa won on time"]

1. d4 Nf6 2. Nc3 d5 3. Bf4 a6 4.
e3 e6 5. Nf3 c5 6. dxc5 Bxc5 7.
Bd3 Nc6 8. O-O O-O 9. e4 dxe4 10.
Nxe4 Be7 11. Qe2 Nb4 12. Bc4 b5 13. Rad1 Qb6 14. Bb3 Bb7 15. Nxf6+ Bxf6 16. c3 Nd5 17. Bg3 Rad8 18. Ne5 g6 19. h4 Bg7 20. h5 a5 21.
Rfe1 a4 22. Bc2 Nf6 23. Bh4 Rxd1 24. Rxd1 Qc7 25. Bxf6 Bxf6 26. Nd7 Bg7 27. Nxf8 Bxf8 28. hxg6 hxg6 29. Qxb5 a3 30. bxa3 Bc6 31. Qe2 Qf4 32. Rd8 Qg5 33. Rxf8+ Kxf8 34. Be4 Qc1+ 35. Kh2 Qf4+ 36. g3 Qxe4 37. Qxe4 Bxe4 38. f4 Ke7 39.
Kg1 Kd6 40. Kf2 Kc5 41. Ke3 Bb7 42. Kd3 Ba6+ 43. Kc2 Kc4 44. a4 Bb7 0-1

[Event "Early-Titled-Tuesday-Blitz-November-28-2023"]
[Site "Chess.com"]
[Date "2023.11.28"]
[Round "8"]
[White "Shield12"]
[Black "lefonghua"]
[Result "1/2-1/2"]
[WhiteElo "2924"]
[BlackElo "2717"]
[TimeControl "180+1"]
[EndTime "9:35:13 PST"]
[Termination "Game drawn - insufficient material"]

1. e4 c5 2. Nf3 g6 3. d4 cxd4 4. Qxd4 Nf6 5. Nc3 Nc6 6. Qa4 d6 7. e5 dxe5 8. Nxe5 Bg7 9. Bb5 O-O 10. Nxc6 bxc6 11. Bxc6 Bd7 12. O-O Rc8 13. Bb5 Bxb5 14. Qxb5 Qc7 15. Qe2 e6 16. Be3 Nd7 17. Rfd1 Bxc3 18.
bxc3 Nb6 19. Bd4 Rfe8 20. Be5 Qc6 21. Rd6 Qc5 22. Rd3 Nc4 23. Bf6 e5 24. h4 Qc6 25.
Bg5 f6 26. Bh6 Nd6 27. h5 Nf5 28. Bd2 e4 29. Rh3 Qc4 30. Qg4 e3 31. Qxc4+ Rxc4 32. fxe3 Rd8 33. Be1 Re8 34. hxg6 hxg6 35. Bf2 Rxc3 36.
e4 Rxh3 37. gxh3 Nd6 38. Bxa7 Rxe4 39. a4 Rc4 40. a5 Rxc2 41. a6 Nb5 42. Bd4 Nxd4 43.
a7 Rc8 44. Kf2 Nc6 45. a8=Q Rxa8 46. Rxa8+ Kg7 47. Ke3 Ne5 48. Ke4 Nf7 49. Kd5 Ng5 50. h4 Nf3 51. Ra4 g5 52. hxg5 Nxg5 53. Kd6 Kg6 54.
Ke7 Nh7 55. Rg4+ Ng5 56. Rh4 Nh7 57. Rxh7 Kxh7 58. Kxf6 1/2-1/2

[Event "Early-Titled-Tuesday-Blitz-November-28-2023"]
[Site "Chess.com"]
[Date "2023.11.28"]
[Round "8"]
[White "Arimin1329"]
[Black "Maxfan2008"]
[Result "1-0"]
[WhiteElo "2400"]
[BlackElo "2526"]
[TimeControl "180+1"]
[EndTime "9:35:13 PST"]
[Termination "Arimin1329 won on time"]

1. Nf3 d5 2. g3 Bg4 3. Bg2 Nd7 4. d4 e6 5. b3 Ngf6 6. Bb2 c5 7. Nbd2 Rc8 8. O-O cxd4 9. Nxd4 Bc5 10. c4 e5 11.
Nb5 a6 12. Nc3 d4 13. Nce4 Nxe4 14. Nxe4 Be7 15. h3 Bh5 16. g4 Bg6 17. f4 exf4 18. Qxd4 f6 19. Nd6+ Kf8 20. Kh1 f3 21. Bxf3 Bxd6 22.
Qxd6+ Qe7 23. Qxe7+ Kxe7 24. Bxb7 Rc7 25. Bxa6 h5 26.
g5 Be4+ 27. Kh2 fxg5 28. Bxg7 Rh7 29. Bc3 g4 30. Rf4 Nc5 31. Bb4 Bg6 32. Rd1 Ke6 33. Bb5 Ne4 34. c5 g3+ 35. Kg1 h4 36. Bc4+ Ke5 37.
e3 Rhd7 38. Rd6 Rxd6 39. cxd6 Ra7 40. a4 Ng5 41. Bc3+ Kxd6 42. Rg4 Nxh3+ 43. Kg2 Be4+ 44. Rxe4 1-0

[Event "Early-Titled-Tuesday-Blitz-November-28-2023"]
[Site "Chess.com"]
[Date "2023.11.28"]
[Round "8"]
[White "DeArron_Fox"]
[Black "C_K_G"]
[Result "1-0"]
[WhiteElo "2473"]
[BlackElo "2174"]
[TimeControl "180+1"]
[EndTime "9:35:13 PST"]
[Termination "DeArron_Fox won on time"]

1. d4 d5 2. c4 e6 3. Nc3 Nf6 4.
e3 b6 5. Nf3 Nbd7 6. Bd3 Bb7 7.
O-O a6 8. b3 Bd6 9. Bb2 O-O 10.
Qc2 h6 11. e4 dxe4 12. Nxe4 Nxe4 13. Bxe4 Bxe4 14. Qxe4 Nf6 15. Qe2 c5 16. Rfd1 Qe7 17.
h3 cxd4 18. Nxd4 Rac8 19. Qf3 Be5 20. Nc6 Rxc6 21. Bxe5 Rfc8 22. Rd3 Nd7 23. Bb2 Nc5 24. Rd2 e5 25. Rad1 Rf6 26. Qe3 Re6 27. Rd5 e4 28. Bd4 Rg6 29. Bxc5 Rxc5 30. Rxc5 bxc5 31. Rd5 Rg5 32.
Rxg5 hxg5 33. Qg3 f5 34. Qb8+ Kh7 35. Qc8 f4 36. Qf5+ Kg8 37. Qd5+ Kh7 38. h4 1-0

[Event "Early-Titled-Tuesday-Blitz-November-28-2023"]
[Site "Chess.com"]
[Date "2023.11.28"]
[Round "8"]
[White "ahkashefi2800"]
[Black "vasblesk"]
[Result "0-1"]
[WhiteElo "2575"]
[BlackElo "2837"]
[TimeControl "180+1"]
[EndTime "9:35:16 PST"]
[Termination "vasblesk won on time"]

1. d4 d5 2. c4 c6 3. Nc3 Nf6 4. cxd5 cxd5 5. Nf3 Nc6 6. Bf4 Bf5 7. e3 e6 8. Bd3 Bxd3 9. Qxd3 Bd6 10. Bg3 O-O 11. Rc1 a6 12. a3 Na5 13. Ne5 Rc8 14. O-O Nh5 15. Nf3 Nxg3 16. hxg3 Nb3 17. Rc2 Qc7 18.
Nd2 Nxd2 19. Qxd2 b5 20. Rfc1 Qb7 21. b4 Rc4 22. Nd1 a5 23. Nb2 Rxc2 24. Rxc2 axb4 25. axb4 Rc8 26. Nd3 Rc4 27. Nc5 Qc8 28.
Ra2 h5 29. Qb2 e5 30. Qa1 Qf5 31. Rd2 exd4 32. Rxd4 Be5 33. Qa8+ Kh7 34. Qxd5 Rc1+ 35. Kh2 Qxf2 36. Rd1 Qxg3+ 37. Kg1 Qxe3+ 38. Kh1 Qe1+ 0-1

[Event "Early-Titled-Tuesday-Blitz-November-28-2023"]
[Site "Chess.com"]
[Date "2023.11.28"]
[Round "8"]
[White "Me_ch_an"]
[Black "Ezov"]
[Result "1-0"]
[WhiteElo "2320"]
[BlackElo "2212"]
[TimeControl "180+1"]
[EndTime "9:35:17 PST"]
[Termination "Me_ch_an won by checkmate"]

1. e4 e6 2. d4 d5 3. e5 c5 4. c3 Nc6 5. g3 h5 6. Bh3 h4 7.
g4 Qb6 8. Ne2 f6 9. f4 cxd4 10.
cxd4 Bb4+ 11. Nbc3 Nge7 12. Be3 fxe5 13. fxe5 Nxe5 14.
O-O Nc4 15. Qd3 Nxb2 16. Qc2 Nc4 17. Bg5 Bd7 18. Rad1 Bxc3 19. Nxc3 Qb2 20. Qd3 Qb6 21. Bxe7 Kxe7 22. Qg6 Rae8 23. Qg5+ Kd6 24. Rf7 Rhg8 25. Qf4+ Kc6 26. Na4 Qc7 27. Qf2 b6 28.
g5 Kb5 29. Nc3+ Ka6 30. Nxd5 Qd6 31. Ne3 Nxe3 32. Qxe3 Bc6 33. Bf1+ b5 34. Qb3 Qd5 35. Qb4 Qh1+ 36. Kf2 Rgf8 37. Qa3+ Kb6 38. Qxa7# 1-0

[Event "Early-Titled-Tuesday-Blitz-November-28-2023"]
[Site "Chess.com"]
[Date "2023.11.28"]
[Round "8"]
[White "Timerkhanov"]
[Black "snowlord"]
[Result "0-1"]
[WhiteElo "2686"]
[BlackElo "2869"]
[TimeControl "180+1"]
[EndTime "9:35:18 PST"]
[Termination "snowlord won by resignation"]

1. d4 Nf6 2. Bg5 e6 3. Nd2 h6 4. Bh4 d6 5. e4 Nbd7 6. c3 b6 7. Bd3 Bb7 8. Ngf3 g5 9. Bg3 Nh5 10. Qe2 a6 11. a4 Qe7 12. e5 Bg7 13. exd6 cxd6 14. Nc4 Nxg3 15. hxg3 g4 16. Nh4 h5 17. Nf5 exf5 18. Nxd6+ Kf8 19. Nxb7 Ra7 20. a5 Rxb7 21.
Qxe7+ Kxe7 22. Bxa6 Ra7 23. axb6 Nxb6 24. b4 Nd5 25. Kd2 Rha8 26. b5 Nc7 27. b6 Rxa6 28.
bxc7 Rxa1 29. Rxa1 Rc8 30. Ra5 Rxc7 31. Rxf5 Ke6 32.
Rxh5 f5 33. f3 Kf6 34. fxg4 fxg4 35. Kd3 Bf8 36. c4 Kg6 37. Rd5 Ra7 38. Rd8 Be7 39. Re8 Kf7 40. Rh8 Ra3+ 41. Ke2 Rxg3 42. Kf2 Rc3 43.
c5 Bf6 44. Rh7+ Kg6 0-1

[Event "Early-Titled-Tuesday-Blitz-November-28-2023"]
[Site "Chess.com"]
[Date "2023.11.28"]
[Round "8"]
[White "Abund"]
[Black "bazar-wokzal"]
[Result "1-0"]
[WhiteElo "2783"]
[BlackElo "2629"]
[TimeControl "180+1"]
[EndTime "9:35:19 PST"]
[Termination "Abund won on time"]

1. e4 c5 2. Nf3 d6 3. Bb5+ Nd7 4.
c3 Nf6 5. Qe2 g6 6. O-O Bg7 7. d4 O-O 8. e5 Nd5 9. e6 N7f6 10.
exf7+ Rxf7 11. dxc5 dxc5 12. Ng5 Rf8 13. Rd1 Qb6 14. Bc4 e6 15. Nd2 Bd7 16. Ndf3 Rae8 17. Ne5 Bc8 18. h4 a6 19. a4 Qc7 20. Re1 Nd7 21. Nef3 N7b6 22. Ba2 a5 23. Bb1 Nf4 24. Qe4 Nbd5 25. g3 Nh5 26. Ne5 Rf5 27. Ng4 Nxg3 28. Qg2 Nh5 29. Bxf5 gxf5 30. Nh6+ Kf8 31. Nxh7+ Ke7 32.
Nxf5+ Kd7 33. Nxg7 Rg8 34. Nf8+ Kc6 35. Nfxe6 Rxg7 36. Nxc7 Rxg2+ 37. Kxg2 Kxc7 38. Re5 Nhf4+ 39. Bxf4 Nxf4+ 40.
Kg3 Nd3 41. Re2 1-0

[Event "Early-Titled-Tuesday-Blitz-November-28-2023"]
[Site "Chess.com"]
[Date "2023.11.28"]
[Round "8"]
[White "JoliyRoger"]
[Black "RebecaJimnz"]
[Result "1-0"]
[WhiteElo "2493"]
[BlackElo "2306"]
[TimeControl "180+1"]
[EndTime "9:35:19 PST"]
[Termination "JoliyRoger won by resignation"]

1. Nf3 Nf6 2. d4 d5 3. c4 e6 4. e3 c6 5. Nc3 Nbd7 6. b3 Bd6 7.
Bb2 O-O 8. Qc2 Qe7 9. Bd3 dxc4 10.
bxc4 e5 11. O-O Re8 12. Ng5 h6 13. Nge4 Nxe4 14. Nxe4 Bc7 15. d5 cxd5 16. cxd5 Nb6 17. Nc3 Bd7 18. e4 Rac8 19. Rac1 Bd6 20. Qe2 Ba3 21.
h3 Rc7 22. Nb1 Rxc1 23. Rxc1 Bxb2 24. Qxb2 Rc8 25. Nd2 Na4 26. Rxc8+ Bxc8 27. Qc2 Nc5 28. Nb3 Nxd3 29. Qxc8+ Kh7 30. Qc3 Nf4 31. Kh2 Qg5 32. g3 Ne2 33. Qd3 Nc1 34. Nxc1 Qxc1 35. d6 Qb2 36.
Kg2 Qb6 37. Qd5 f6 38. Qe6 Qd4 39. Qf5+ Kg8 40. d7 Kf8 41. Qe6 Qxe4+ 42. Kh2 Qg6 43. d8=Q+ 1-0

[Event "Early-Titled-Tuesday-Blitz-November-28-2023"]
[Site "Chess.com"]
[Date "2023.11.28"]
[Round "8"]
[White "baki83"]
[Black "vishwa_vijeta"]
[Result "0-1"]
[WhiteElo "2813"]
[BlackElo "2580"]
[TimeControl "180+1"]
[EndTime "9:35:22 PST"]
[Termination "vishwa_vijeta won on time"]

1. e4 c5 2. Nf3 d6 3. Bb5+ Bd7 4. c4 Nc6 5. O-O g6 6. d4 cxd4 7. Nxd4 Bg7 8. Be3 Nf6 9. Bxc6 bxc6 10. Nc3 Ng4 11.
Bc1 Qb6 12. Nde2 Ne5 13. b3 O-O 14. h3 Rad8 15. Be3 Qa5 16. Qd2 f5 17. f4 Nf7 18.
exf5 Bxf5 19. Rad1 e5 20. fxe5 Nxe5 21. Bh6 Bxh3 22.
Bxg7 Kxg7 23. Rxf8 Rxf8 24. Qxd6 Bg4 25. b4 Qb6+ 26. c5 Qb8 27. a3 Qe8 28. Qd4 Kg8 29. Rf1 Bxe2 30. Rxf8+ Kxf8 31. Nxe2 Kg8 32. Nf4 Ng4 33.
Nd3 Qe2 34. Qd8+ Kg7 35. Qd7+ Kh6 36. g3 Qh2+ 37. Kf1 Qxg3 38. Ke2 Qe3+ 39. Kd1 Qf3+ 40. Kc2 Ne3+ 41. Kc3 Nd5+ 0-1

[Event "Early-Titled-Tuesday-Blitz-November-28-2023"]
[Site "Chess.com"]
[Date "2023.11.28"]
[Round "8"]
[White "Qvalda"]
[Black "M1711"]
[Result "0-1"]
[WhiteElo "2432"]
[BlackElo "2609"]
[TimeControl "180+1"]
[EndTime "9:35:22 PST"]
[Termination "M1711 won on time"]

1. Nf3 d5 2. g3 Nd7 3. d4 b5 4. e3 a6 5. a4 b4 6. a5 e6 7. Nbd2 c5 8. dxc5 Nxc5 9. Bg2 Nf6 10. O-O Bd6 11. c4 bxc3 12. bxc3 Bb7 13. c4 O-O 14. Bb2 Rb8 15. Bd4 Qe7 16. cxd5 Bxd5 17. Qe2 Nfd7 18. e4 Ba8 19. e5 Bc7 20. Rfc1 Rb5 21. Bc3 Rbb8 22. Rab1 Bd5 23. Bb4 Rfc8 24. Ba3 Bxa5 25.
Rxb8 Rxb8 26. Qxa6 Nxa6 27. Bxe7 Nxe5 28. Nxe5 Bxd2 29.
Rd1 Bxg2 30. Rxd2 Bd5 31. Rd1 f6 32. Nd3 Rc8 33. Rc1 Rxc1+ 34. Nxc1 Kf7 35. Ba3 e5 36. Kf1 Nc7 37. Ke2 Nb5 38. Bb2 Ke6 39. Ke3 g5 40.
Ne2 Bc4 41. Nc3 Nd6 42. Ne4 Nf5+ 43. Kf3 Bd5 44. Ba3 h5 0-1

[Event "Early-Titled-Tuesday-Blitz-November-28-2023"]
[Site "Chess.com"]
[Date "2023.11.28"]
[Round "8"]
[White "DarZay"]
[Black "LimeInTheCoconut"]
[Result "1-0"]
[WhiteElo "2253"]
[BlackElo "2383"]
[TimeControl "180+1"]
[EndTime "9:35:22 PST"]
[Termination "DarZay won by resignation"]

1. e4 c6 2. d4 d5 3. Nc3 dxe4 4. Nxe4 Bf5 5. Ng3 Bg6 6. h4 h6 7. h5 Bh7 8. Nf3 Nf6 9. Bd3 Bxd3 10. Qxd3 e6 11. Bd2 c5 12. O-O-O Nc6 13. Bc3 Qd5 14. Kb1 c4 15. Qe2 b5 16. Ne5 Be7 17. Nxc6 Qxc6 18. d5 Nxd5 19. Bxg7 Rh7 20. Bd4 O-O-O 21. Bxa7 Kb7 22.
Bd4 Ra8 23. Ne4 Qa6 24. a3 b4 25. Nc5+ Bxc5 26. Bxc5 bxa3 27. Bxa3 Qb5 28. Kc1 Rg7 29. g3 Rgg8 30. Qf3 Qd7 31. Rd4 c3 32. Qxc3 Nxc3 33. Rxd7+ Kc6 34. Rxf7 Ne2+ 35. Kd2 Nd4 36. c3 Nb3+ 37.
Kc2 Na5 38. Rf6 Kd5 39. Rd1+ Ke5 40. Rxh6 Nc4 41. f4+ Kf5 42. Be7 Rge8 43. Rf6+ Kg4 44. Rxe6 Ra7 45. Rg6+ Kf5 46. Rg5+ Ke4 47. Rd4+ Ke3 48.
Rxc4 Rexe7 49. Re5+ Rxe5 50. fxe5 1-0

[Event "Early-Titled-Tuesday-Blitz-November-28-2023"]
[Site "Chess.com"]
[Date "2023.11.28"]
[Round "8"]
[White "Ariadna_Atreides"]
[Black "maurovargas01"]
[Result "1-0"]
[WhiteElo "2195"]
[BlackElo "1850"]
[TimeControl "180+1"]
[EndTime "9:35:23 PST"]
[Termination "Ariadna_Atreides won on time"]

1. d4 d5 2. Nf3 e6 3. e3 c6 4. Bd3 Bd6 5. Nbd2 Nf6 6. b3 Bc7 7. Bb2 Qd6 8. Ne5 Nbd7 9. a4 b6 10. Ndf3 c5 11. O-O O-O 12. Nxd7 Bxd7 13. dxc5 bxc5 14. Be5 Qc6 15. Bb5 Qb6 16. Bxc7 Qxc7 17.
Bxd7 Qxd7 18. c4 Rfd8 19. cxd5 exd5 20. Rc1 Rac8 21. Qd3 h6 22. h3 Qe6 23. Rfd1 Ne4 24. Nd2 Nf6 25. Qb5 Qb6 26. Qe2 Re8 27. Qf3 Qe6 28. Rc2 d4 29. exd4 cxd4 30. Rxc8 Rxc8 31. Nc4 Rd8 32. Qd3 Qd5 33. Kf1 Ne4 34. Re1 Nc3 35.
Rc1 Qg5 36. Re1 Kh8 37. Nd2 Qf6 38. b4 Nxa4 39. Nf3 Nb6 40. Ra1 1-0

[Event "Early-Titled-Tuesday-Blitz-November-28-2023"]
[Site "Chess.com"]
[Date "2023.11.28"]
[Round "8"]
[White "Mouse-Sleep"]
[Black "Magila31"]
[Result "1-0"]
[WhiteElo "2555"]
[BlackElo "2355"]
[TimeControl "180+1"]
[EndTime "9:35:24 PST"]
[Termination "Mouse-Sleep won on time"]

1. Nf3 Nf6 2. c4 g6 3. Nc3 Bg7 4. e4 O-O 5. d4 d6 6. Be2 c5 7. O-O Nc6 8. d5 Na5 9. Bg5 h6 10.
Bd2 e5 11. a3 b6 12. b4 Nb7 13. Ne1 h5 14. Nd3 Bd7 15. bxc5 Nxc5 16. Nxc5 dxc5 17. a4 a5 18. Rb1 Ne8 19. Qb3 Rb8 20. Be3 Nd6 21.
f3 Kh7 22. Qc2 Bh6 23. Bxh6 Kxh6 24. Rb3 f5 25. Qd2+ Kh7 26. Rfb1 fxe4 27. fxe4 Qh4 28. g3 Qh3 29. Rxb6 Rf2 30. Kxf2 Qxh2+ 31. Ke1 Qg1+ 32.
Bf1 Rxb6 33. Rxb6 Nxc4 34. Qg5 Nxb6 35. Qe7+ Kg8 36. Qd8+ Kf7 37. Qxb6 Qxg3+ 38. Kd2 Qf2+ 39. Be2 Qd4+ 40. Kc2 Bxa4+ 41. Nxa4 Qxa4+ 42. Qb3 Qxe4+ 43. Bd3 Qg2+ 44. Kc3 Ke7 45. Qb7+ Kd8 46. Bb5 1-0

[Event "Early-Titled-Tuesday-Blitz-November-28-2023"]
[Site "Chess.com"]
[Date "2023.11.28"]
[Round "8"]
[White "AndresDelgado77"]
[Black "AlexTruskavetsky"]
[Result "1/2-1/2"]
[WhiteElo "2281"]
[BlackElo "2462"]
[TimeControl "180+1"]
[EndTime "9:35:25 PST"]
[Termination "Game drawn by repetition"]

1. e4 c5 2. Nf3 e6 3. c3 d5 4. e5 Nc6 5. d4 Qb6 6. Bd3 Bd7 7. a3 cxd4 8. O-O Nge7 9. Kh1 Ng6 10. cxd4 f6 11. Nc3 fxe5 12. Bxg6+ hxg6 13. dxe5 Be7 14. Qd3 Kf7 15. Bg5 Rh5 16. h4 Rah8 17. Kg1 Bxg5 18. Nxg5+ Rxg5 19. hxg5 Nxe5 20. Qg3 Nc4 21.
Qf4+ Ke7 22. b3 Qxb3 23. Nxd5+ exd5 24. Rfe1+ Kd8 25. Rab1 Qc3 26. Rec1 Qe5 27. Rxc4 Qxf4 28. Rxf4 b6 29. Rf7 Rh5 30. f4 Rh4 31. g3 Rh3 32.
Kg2 Rh8 33. Rxg7 Bf5 34. Re1 Be4+ 35. Rxe4 dxe4 36. Rxg6 Ke7 37. Rg7+ Ke6 38. Rxa7 Rc8 39. Ra4 Rc2+ 40. Kf1 Kf5 41. g6 Rc3 42. Kf2 Rc2+ 43. Kg1 Rc6 44. Kg2 Rxg6 45. Rb4 Rc6 46. Rb5+ Kf6 47.
Kf2 Rc2+ 48. Ke3 Rc3+ 49. Kxe4 Rxg3 50. Rxb6+ Kf7 51. a4 Ra3 52. Rb4 Kf6 53. Rb6+ Kf7 54. Kf5 Rxa4 55. Rb7+ Kf8 56. Kg6 Ra6+ 57. Kg5 Kg8 58.
f5 Kf8 59. f6 Ra1 60. Kg6 Rg1+ 61. Kf5 Rd1 62. Kg6 Rg1+ 63. Kf5 Ke8 64. Rb8+ Kf7 65. Rb7+ Kf8 66. Rb8+ Kf7 67. Rb7+ Ke8 68. Rb8+ Kf7 1/2-1/2

[Event "Early-Titled-Tuesday-Blitz-November-28-2023"]
[Site "Chess.com"]
[Date "2023.11.28"]
[Round "8"]
[White "FontVella8"]
[Black "Savagelittlemole"]
[Result "1/2-1/2"]
[WhiteElo "2592"]
[BlackElo "2492"]
[TimeControl "180+1"]
[EndTime "9:35:26 PST"]
[Termination "Game drawn by repetition"]

1. Nf3 c5 2. b3 Nc6 3. Bb2 Nf6 4. e3 d6 5. c4 e5 6. Nc3 Be7 7. Qc2 O-O 8. Be2 h6 9. h3 Be6 10. a3 Rb8 11. g4 d5 12. g5 hxg5 13. Nxg5 d4 14.
Nxe6 fxe6 15. Ne4 Nxe4 16. Qxe4 Bh4 17. O-O-O Rxf2 18. Bd3 Qf6 19. Rdf1 Kf8 20. Rxf2 Bxf2 21. Rf1 Ke7 22. b4 Rf8 23. b5 Nd8 24. Kc2 g5 25. a4 Rf7 26. a5 b6 27. Qa8 Ke8 28. a6 Qf3 29. Be4 Qe2 30. Bd3 Qf3 31. Qxf3 Rxf3 32. Be4 Rf8 33. Kd3 Bg3 34. Rxf8+ Kxf8 35. Ke2 Ke7 36. Kf3 Bh4 37. Kg4 Kf6 38. Bc1 Nf7 39.
d3 Nd6 40. Bh7 Nf5 41. e4 Nh6+ 42. Kh5 Nf7 43. Bg6 Nd6 44. Bh7 Nc8 45. Bd2 Ne7 46.
Bc1 Nc8 47. Bd2 Ne7 48. Ba5 Nc8 49. Bd2 1/2-1/2

[Event "Early-Titled-Tuesday-Blitz-November-28-2023"]
[Site "Chess.com"]
[Date "2023.11.28"]
[Round "8"]
[White "LeoLV10"]
[Black "ViktoriyaTarasova"]
[Result "1-0"]
[WhiteElo "2529"]
[BlackElo "2358"]
[TimeControl "180+1"]
[EndTime "9:35:26 PST"]
[Termination "LeoLV10 won by resignation"]

1. e4 e5 2. Nf3 Nc6 3. Bb5 Nf6 4. O-O Nxe4 5. d4 Nd6 6. Bxc6 dxc6 7. Nxe5 Be7 8. Re1 O-O 9. c3 Nf5 10. Bf4 c5 11. d5 Bd6 12. Na3 Nh4 13. Bg3 Ng6 14.
Nac4 Nxe5 15. Bxe5 Bxe5 16. Nxe5 Bf5 17. c4 Qd6 18. Qf3 Bg6 19. h4 Rfe8 20. Qg3 f6 21.
Nf3 Qxg3 22. fxg3 Kf7 23. Kf2 Rxe1 24. Rxe1 Re8 25. Rxe8 Kxe8 26. Ke3 Kd7 27. a3 a5 28.
g4 h6 29. g5 hxg5 30. hxg5 Ke7 31. g3 Bb1 32. Nd2 Bc2 33. Kf4 Bd3 34. g4 b6 35.
gxf6+ gxf6 36. Ke3 Bc2 37. Nf1 Kd6 38. Kf4 Bd3 39. Ne3 Be2 40. Kf5 Ke7 41. Kg6 Bd3+ 42. Nf5+ Kf8 43. Kxf6 Bxc4 44. Ke5 Kf7 45. Ne3 Be2 46. d6 cxd6+ 47. Kxd6 a4 48. Kc6 Ke6 49. Kxb6 c4 50. Kc5 Ke5 51. g5 Ke4 52. g6 Bh5 53. g7 Bf7 54. Nxc4 Kd3 55. Ne5+ 1-0

[Event "Early-Titled-Tuesday-Blitz-November-28-2023"]
[Site "Chess.com"]
[Date "2023.11.28"]
[Round "8"]
[White "kingofthenil"]
[Black "Chessmissile07"]
[Result "0-1"]
[WhiteElo "2717"]
[BlackElo "2859"]
[TimeControl "180+1"]
[EndTime "9:35:27 PST"]
[Termination "Chessmissile07 won on time"]

1. e4 a6 2. d4 e6 3. Nd2 d5 4. Ngf3 c5 5. dxc5 Bxc5 6. Bd3 Nc6 7. O-O Nf6 8. e5 Nd7 9. Re1 b5 10. a4 Qb6 11. Qe2 Bb7 12. Nb3 b4 13. a5 Qc7 14.
Nxc5 Nxc5 15. Be3 Nxa5 16. Nd4 O-O 17. Qh5 Nxd3 18. cxd3 Nc6 19. Rac1 Qxe5 20. Qg4 h5 21. Qh4 Rac8 22. Nxc6 Rxc6 23. Qxb4 Rfc8 24. Rxc6 Bxc6 25. Rc1 Rb8 26. Qf4 Qxf4 27. Bxf4 Rb4 28. Rxc6 Rxf4 29.
Rxa6 Rb4 30. Ra2 Rb3 31. Kf1 Rxd3 32. Ke2 Rd4 33. b3 Rb4 34. Rb2 Kf8 35. Kd3 Ke7 36. Kc3 Rb7 37. b4 Kd6 38. f4 Rc7+ 39. Kb3 Rc4 40. g3 Kc6 41. Ra2 Kb7 42. Ra5 Rc1 43. f5 Rh1 44. fxe6 fxe6 45. Kc3 Rxh2 46. Kd4 Rc2 47. Ke5 Re2+ 48. Kd6 Kb6 49. Ra8 Kb5 50. Rb8+ Kc4 51. b5 d4 52. b6 Kb5 53. b7 Kb6 0-1

[Event "Early-Titled-Tuesday-Blitz-November-28-2023"]
[Site "Chess.com"]
[Date "2023.11.28"]
[Round "8"]
[White "RobertJFischer71"]
[Black "fighter2jz"]
[Result "1-0"]
[WhiteElo "2648"]
[BlackElo "2817"]
[TimeControl "180+1"]
[EndTime "9:35:30 PST"]
[Termination "RobertJFischer71 won by resignation"]

1. e4 c5 2. Nf3 d6 3. d4 cxd4 4. Nxd4 Nf6 5. Nc3 a6 6. h3 b5 7. g4 Bb7 8. Bg2 b4 9. Nd5 e6 10.
Nxf6+ gxf6 11. Qe2 Nc6 12. Nxc6 Bxc6 13. Bf4 Qa5 14. Bd2 Qc5 15. O-O-O Bb5 16. Qe3 Rc8 17. Qxc5 dxc5 18. Bf4 h5 19. Bd6 hxg4 20. hxg4 Rxh1 21. Bxh1 Be2 22. Rd2 Bh6 23. f4 Bxg4 24. Rh2 Rc6 25. Bb8 Rc8 26. Rxh6 Ke7 27. Ba7 Rc7 28. Bb6 Rc6 29.
Ba5 Rd6 30. b3 Rd1+ 31. Kb2 Rd2 32. a3 bxa3+ 33. Kxa3 Rxc2 34. e5 fxe5 35. fxe5 Bd1 36. Bc7 Rc3 37. Bd6+ Kd7 38. Rf6 Rxb3+ 39. Ka2 Rh3 40.
Rxf7+ Ke8 41. Re7+ Kd8 42. Bc6 Rh2+ 43. Ka1 Rh8 44. Ra7 1-0

[Event "Early-Titled-Tuesday-Blitz-November-28-2023"]
[Site "Chess.com"]
[Date "2023.11.28"]
[Round "8"]
[White "Olya_Oblachko"]
[Black "Elbebiber"]
[Result "1/2-1/2"]
[WhiteElo "2233"]
[BlackElo "2118"]
[TimeControl "180+1"]
[EndTime "9:35:30 PST"]
[Termination "Game drawn by repetition"]

1. Nf3 Nf6 2. g3 b6 3. Bg2 Bb7 4. c4 e6 5. O-O Be7 6. Nc3 O-O 7. Re1 d5 8. cxd5 exd5 9. d4 Bb4 10. a3 Bxc3 11. bxc3 Ne4 12. Qc2 Nd7 13. c4 dxc4 14. Qxc4 Ndf6 15. Qc2 c5 16. Rd1 Qe7 17. dxc5 Qxc5 18.
Qxc5 Nxc5 19. Be3 Rac8 20. a4 Nd5 21. Bd4 Nb4 22. Rab1 Nc2 23. Be5 Nxa4 24. Ra1 b5 25. Nd4 Bxg2 26. Kxg2 Nxd4 27. Bxd4 a6 28. Be5 Rfd8 29.
Bd4 Kf8 30. e3 f6 31. f4 Kf7 32. Kf3 Rd7 33. g4 Rc4 34. h4 Rdc7 35. g5 f5 36. h5 Rd7 37. g6+ hxg6 38. hxg6+ Ke6 39. Rh1 Rb4 40. Rh7 Rb3 41. Bxg7 Rdd3 42. Be5 Rxe3+ 43. Kf2 Rf3+ 44. Ke2 Rbe3+ 45. Kd2 Rd3+ 46. Ke2 Rde3+ 47. Kd2 Rd3+ 48. Ke2 Rde3+ 1/2-1/2

[Event "Early-Titled-Tuesday-Blitz-November-28-2023"]
[Site "Chess.com"]
[Date "2023.11.28"]
[Round "8"]
[White "EvgenyBurmakin"]
[Black "averageFM"]
[Result "0-1"]
[WhiteElo "2422"]
[BlackElo "2606"]
[TimeControl "180+1"]
[EndTime "9:35:32 PST"]
[Termination "averageFM won on time"]

1. e4 c6 2. Nc3 d5 3. Nf3 Bg4 4. d4 Nf6 5. Bd3 Bxf3 6. Qxf3 e6 7. Bg5 Be7 8. e5 Nfd7 9. Bxe7 Qxe7 10. Qg4 f5 11.
exf6 Nxf6 12. Qg3 O-O 13. O-O Nh5 14. Qh3 Qg5 15. Qxe6+ Kh8 16. Ne2 Na6 17. f4 Nxf4 18. Nxf4 Rxf4 19. Rxf4 Qxf4 20. c3 Nc7 21. Qh3 h6 22.
Rf1 Qg5 23. Qf3 Ne6 24. h4 Qe7 25. Qf5 Nf8 26. h5 Kg8 27. a4 Rd8 28. a5 Rd6 29.
Qc8 Rd8 30. Qh3 Rd6 31. Qc8 Rd8 32. Qh3 b6 33. axb6 axb6 34. Qg3 Rd6 35. Re1 Re6 36.
Rf1 Rf6 37. Rxf6 Qxf6 38. Qc7 Qg5 39. Qe5 Qc1+ 40. Kh2 Qxb2 41. Bg6 Qxc3 42. Qf5 Qb4 43. Qf7+ Kh8 44. Qe8 Qd6+ 45. Kh1 c5 0-1